3251 views
Uploaded 2020-02-08 19:02:19
Game version 1.32 / 1.32.1
25:40 long 1on1on1on1 ladder game on (6)NeonCity
Saved by byung
3251 views
Uploaded 2020-02-08 19:02:19
Game version 1.32 / 1.32.1
25:40 long 1on1on1on1 ladder game on (6)NeonCity

/ 0.2k
27 buildings @ 3.9k
/ 1.9k


| Peon | 15 | 1125 | / | 0 |
| Grunt | 4 | 800 | / | 0 |
| Troll Headhunter | 4 | 560 | / | 80 |
| Troll Witch Doctor | 2 | 290 | / | 50 |
| Wind Rider | 2 | 530 | / | 80 |
| Shaman | 2 | 260 | / | 40 |
| total: | 29 | 3565g | / | 250w |
| Watch Tower | 13 | 1430 | / | 1040 |
| Barracks | 1 | 180 | / | 50 |
| Altar of Storms | 1 | 180 | / | 50 |
| Orc Burrow | 7 | 1120 | / | 280 |
| War Mill | 1 | 205 | / | 0 |
| Voodoo Lounge | 1 | 130 | / | 30 |
| Great Hall | 1 | 385 | / | 185 |
| Spirit Lodge | 1 | 150 | / | 150 |
| Beastiary | 1 | 145 | / | 140 |
| Stronghold | 1 | 315 | / | 190 |
| Fortress | 1 | 325 | / | 190 |
| total: | 27 | 3925g | / | 1925w |
| 0:02 | Peon |
| 0:02 | Peon |
| 0:21 | Peon |
| 0:27 | Barracks |
| 0:32 | Altar of Storms |
| 0:41 | Orc Burrow |
| 0:42 | Peon |
| 0:52 | Peon |
| 1:05 | Peon |
| 1:37 | Orc Burrow |
| 2:02 | Grunt |
| 2:09 | Orc Burrow |
| 2:41 | Grunt |
| 2:44 | Orc Burrow |
| 2:46 | Orc Burrow |
| 2:49 | Peon |
| 2:56 | War Mill |
| 3:23 | Endurance Aura |
| 3:33 | Grunt |
| 3:49 | Stronghold |
| 4:09 | Watch Tower |
| 4:24 | Steel Melee Weapons |
| 4:36 | Grunt |
| 4:55 | Troll Headhunter |
| 5:18 | Watch Tower |
| 5:21 | Steel Armor |
| 5:31 | Troll Headhunter |
| 5:38 | Orc Burrow |
| 5:42 | Shockwave |
| 5:59 | Troll Headhunter |
| 6:11 | Spirit Lodge |
| 6:18 | Peon |
| 6:18 | Peon |
| 6:31 | Watch Tower |
| 7:26 | Steel Ranged Weapons |
| 7:34 | Watch Tower |
| 7:38 | Endurance Aura |
| 7:53 | Watch Tower |
| 8:06 | Spiked Barricades |
| 8:08 | Peon |
| 8:08 | Peon |
| 8:13 | Feral Spirit |
| 8:47 | Beastiary |
| 9:35 | Troll Witch Doctor |
| 9:40 | Fortress |
| 10:03 | Orc Burrow |
| 10:21 | Voodoo Lounge |
| 11:04 | Wind Rider |
| 11:04 | Wind Rider |
| 11:08 | Troll Headhunter |
| 11:39 | Shaman |
| 11:40 | Shaman Adept Training |
| 11:41 | Witch Doctor Adept Training |
| 11:44 | Berserker Strength |
| 11:44 | Troll Regeneration |
| 11:59 | Thorium Ranged Weapons |
| 12:04 | Envenomed Spears |
| 12:25 | Peon |
| 12:25 | Peon |
| 12:26 | Peon |
| 12:26 | Peon |
| 12:46 | Chain Lighting |
| 13:06 | Great Hall |
| 13:16 | Watch Tower |
| 13:17 | Watch Tower |
| 13:33 | Troll Witch Doctor |
| 13:42 | Shaman |
| 14:05 | Shockwave |
| 14:46 | Watch Tower |
| 14:47 | Watch Tower |
| 14:47 | Watch Tower |
| 14:48 | Watch Tower |
| 14:50 | Watch Tower |
| 14:51 | Watch Tower |
| Right click | 305 |
| Select | 168 |
| Select group | 69 |
| Build/train/purchase | 55 |
| Assign group | 42 |
| Use ability | 8 |
38 units @ 5.2k
/ 0.8k
26 buildings @ 4k
/ 1.9k


| Healing Salve | 2 | 200 |
| Lesser Clarity Potion | 1 | 70 |
| Scroll of Town Portal | 1 | 350 |
| total: | 4 | 620g |
| Peon | 13 | 975 | / | 0 |
| Troll Headhunter | 14 | 1960 | / | 280 |
| Troll Witch Doctor | 3 | 435 | / | 75 |
| Shaman | 2 | 260 | / | 40 |
| Troll Berserker | 1 | 140 | / | 20 |
| Tauren | 5 | 1400 | / | 400 |
| total: | 38 | 5170g | / | 815w |
| Watch Tower | 9 | 990 | / | 720 |
| Altar of Storms | 2 | 360 | / | 100 |
| Orc Burrow | 8 | 1280 | / | 320 |
| War Mill | 1 | 205 | / | 0 |
| Barracks | 1 | 180 | / | 50 |
| Voodoo Lounge | 1 | 130 | / | 30 |
| Great Hall | 1 | 385 | / | 185 |
| Spirit Lodge | 1 | 150 | / | 150 |
| Beastiary | 1 | 145 | / | 140 |
| Tauren Totem | 1 | 135 | / | 155 |
| Stronghold | 1 | 315 | / | 190 |
| Fortress | 1 | 325 | / | 190 |
| total: | 26 | 3960g | / | 1850w |
| 0:04 | Altar of Storms |
| 0:08 | Altar of Storms |
| 0:12 | Orc Burrow |
| 0:13 | Peon |
| 0:13 | Peon |
| 0:16 | Peon |
| 0:46 | War Mill |
| 0:56 | Peon |
| 1:18 | Barracks |
| 1:25 | Peon |
| 1:46 | Orc Burrow |
| 2:06 | Peon |
| 2:15 | Voodoo Lounge |
| 2:17 | Endurance Aura |
| 2:35 | Troll Headhunter |
| 2:53 | Troll Headhunter |
| 3:10 | Troll Headhunter |
| 3:24 | Orc Burrow |
| 4:01 | Troll Headhunter |
| 4:16 | Troll Headhunter |
| 4:17 | Steel Ranged Weapons |
| 4:19 | Troll Headhunter |
| 4:43 | Troll Headhunter |
| 4:47 | Steel Armor |
| 5:04 | Healing Salve |
| 5:12 | Orc Burrow |
| 5:39 | Stronghold |
| 6:25 | Watch Tower |
| 6:29 | War Stomp |
| 6:30 | War Stomp |
| 7:33 | Steel Melee Weapons |
| 8:04 | Spirit Lodge |
| 8:11 | Watch Tower |
| 8:50 | Endurance Aura |
| 9:15 | Healing Salve |
| 9:16 | Scroll of Town Portal |
| 9:22 | Beastiary |
| 9:25 | Healing Wave |
| 9:26 | Troll Headhunter |
| 9:38 | Watch Tower |
| 11:05 | Witch Doctor Adept Training |
| 11:06 | Fortress |
| 11:14 | Orc Burrow |
| 11:27 | Watch Tower |
| 11:37 | Serpent Ward |
| 11:45 | Shaman Adept Training |
| 12:00 | Lesser Clarity Potion |
| 12:04 | Troll Headhunter |
| 12:21 | Troll Headhunter |
| 12:54 | Troll Witch Doctor |
| 13:01 | Watch Tower |
| 14:12 | Troll Headhunter |
| 14:12 | Troll Headhunter |
| 14:12 | Troll Headhunter |
| 14:13 | Troll Headhunter |
| 14:19 | Berserker Upgrade |
| 14:27 | Watch Tower |
| 15:32 | Great Hall |
| 15:43 | Troll Witch Doctor |
| 15:51 | Peon |
| 16:31 | Tauren Totem |
| 16:37 | Shaman |
| 16:39 | Shaman |
| 16:44 | Troll Witch Doctor |
| 17:17 | Troll Berserker |
| 17:45 | Tauren |
| 17:59 | War Stomp |
| 18:23 | Witch Doctor Master Training |
| 18:33 | Peon |
| 18:33 | Peon |
| 18:33 | Peon |
| 18:54 | Watch Tower |
| 19:23 | Peon |
| 19:24 | Peon |
| 19:43 | Shaman Master Training |
| 19:54 | Tauren |
| 20:03 | Watch Tower |
| 20:08 | Peon |
| 20:28 | Orc Burrow |
| 20:53 | Spiked Barricades |
| 21:39 | Pulverize |
| 21:39 | Tauren |
| 21:58 | Watch Tower |
| 22:52 | Tauren |
| 23:08 | Orc Burrow |
| 23:13 | Orc Burrow |
| 23:19 | Envenomed Spears |
| 24:48 | Tauren |
| 24:56 | Thorium Ranged Weapons |
| Right click | 579 |
| Select | 424 |
| Chat | 161 |
| Build/train/purchase | 75 |
| Use ability | 29 |
37 units @ 4.3k
/ 0.6k
55 buildings @ 7.4k
/ 4.3k


| Lesser Clarity Potion | 3 | 210 |
| Healing Salve | 2 | 200 |
| Scroll of Speed | 1 | 50 |
| Potion of Mana | 2 | 400 |
| Potion of Healing | 3 | 450 |
| Orb of Lightning | 1 | 375 |
| Tiny Great Hall | 1 | 600 |
| Boots of Speed | 1 | 250 |
| Staff of Teleportation | 1 | 150 |
| Circlet of Nobility | 1 | 175 |
| total: | 16 | 2860g |
| Peon | 26 | 1950 | / | 0 |
| Wind Rider | 1 | 265 | / | 40 |
| Troll Batrider | 7 | 1120 | / | 280 |
| Goblin Shredder | 2 | 750 | / | 200 |
| Goblin Zeppelin | 1 | 240 | / | 60 |
| total: | 37 | 4325g | / | 580w |
| Watch Tower | 39 | 4290 | / | 3120 |
| Altar of Storms | 1 | 180 | / | 50 |
| Orc Burrow | 5 | 800 | / | 200 |
| War Mill | 3 | 615 | / | 0 |
| Voodoo Lounge | 1 | 130 | / | 30 |
| Great Hall | 2 | 770 | / | 370 |
| Spirit Lodge | 1 | 150 | / | 150 |
| Beastiary | 3 | 435 | / | 420 |
| Stronghold | 1 | 315 | / | 190 |
| Fortress | 1 | 325 | / | 190 |
| total: | 55 | 7370g | / | 4340w |
| 0:03 | Altar of Storms |
| 0:04 | Orc Burrow |
| 0:05 | Peon |
| 0:25 | War Mill |
| 0:34 | Peon |
| 0:50 | Peon |
| 1:05 | Peon |
| 1:13 | Voodoo Lounge |
| 1:22 | Peon |
| 1:37 | Peon |
| 1:53 | Watch Tower |
| 1:57 | Peon |
| 2:06 | Wind Walk |
| 2:12 | Peon |
| 2:15 | Lesser Clarity Potion |
| 2:15 | Healing Salve |
| 2:17 | Scroll of Speed |
| 2:26 | Watch Tower |
| 2:57 | Watch Tower |
| 3:14 | Stronghold |
| 3:37 | Orc Burrow |
| 4:19 | Watch Tower |
| 4:53 | Orc Burrow |
| 5:41 | Spirit Lodge |
| 5:43 | Beastiary |
| 5:45 | Beastiary |
| 6:00 | Reinforced Defenses |
| 6:01 | Peon |
| 6:02 | Peon |
| 6:19 | Watch Tower |
| 7:01 | Peon |
| 7:31 | Lesser Clarity Potion |
| 7:36 | Lesser Clarity Potion |
| 7:38 | Potion of Mana |
| 7:50 | Watch Tower |
| 7:54 | Fortress |
| 9:17 | Great Hall |
| 9:43 | Steel Ranged Weapons |
| 9:52 | Wind Rider |
| 9:54 | Hex |
| 10:11 | Watch Tower |
| 10:17 | Liquid Fire |
| 10:47 | Troll Batrider |
| 11:00 | Watch Tower |
| 11:04 | Watch Tower |
| 11:17 | Troll Batrider |
| 11:40 | Troll Batrider |
| 11:53 | Watch Tower |
| 11:54 | Peon |
| 11:54 | Peon |
| 11:54 | Peon |
| 11:55 | Peon |
| 11:55 | Peon |
| 12:00 | Troll Batrider |
| 12:14 | Watch Tower |
| 12:17 | Troll Batrider |
| 12:56 | Thorium Ranged Weapons |
| 13:01 | Watch Tower |
| 13:24 | Troll Batrider |
| 13:41 | Watch Tower |
| 13:43 | Watch Tower |
| 13:45 | Watch Tower |
| 13:46 | Watch Tower |
| 15:22 | Troll Batrider |
| 15:48 | Potion of Healing |
| 15:50 | Potion of Mana |
| 15:52 | Orb of Lightning |
| 15:52 | Tiny Great Hall |
| 16:06 | Arcanite Ranged Weapons |
| 16:08 | Watch Tower |
| 16:09 | Watch Tower |
| 16:11 | Watch Tower |
| 16:54 | Watch Tower |
| 16:58 | Watch Tower |
| 17:06 | Critical Strike |
| 17:24 | Peon |
| 17:24 | Peon |
| 17:24 | Peon |
| 17:24 | Peon |
| 17:25 | Peon |
| 17:41 | Steel Armor |
| 18:03 | Watch Tower |
| 18:11 | Critical Strike |
| 18:34 | Peon |
| 18:45 | Thorium Armor |
| 18:47 | Arcanite Armor |
| 18:56 | Goblin Shredder |
| 19:02 | Goblin Zeppelin |
| 19:20 | Healing Wave |
| 19:22 | Watch Tower |
| 19:29 | Watch Tower |
| 19:47 | Watch Tower |
| 20:00 | Hex |
| 20:08 | Watch Tower |
| 20:18 | Orc Burrow |
| 20:24 | War Mill |
| 20:25 | War Mill |
| 20:42 | Watch Tower |
| 20:46 | Watch Tower |
| 21:27 | Watch Tower |
| 21:37 | Great Hall |
| 21:46 | Watch Tower |
| 22:07 | Boots of Speed |
| 22:08 | Staff of Teleportation |
| 22:13 | Circlet of Nobility |
| 22:37 | Goblin Shredder |
| 22:47 | Orc Burrow |
| 22:50 | Envenomed Spears |
| 22:53 | Watch Tower |
| 22:55 | Watch Tower |
| 22:59 | Watch Tower |
| 23:15 | Watch Tower |
| 23:42 | Potion of Healing |
| 23:44 | Potion of Healing |
| 23:49 | Healing Salve |
| 24:07 | Beastiary |
| 24:12 | Watch Tower |
| 24:14 | Peon |
| 24:14 | Peon |
| 24:14 | Peon |
| 24:15 | Peon |
| 24:37 | Watch Tower |
| 24:54 | Watch Tower |
| 24:57 | Watch Tower |
| 25:07 | Watch Tower |
| Right click | 2156 |
| Select | 608 |
| Select group | 487 |
| Chat | 212 |
| Build/train/purchase | 114 |
| Use ability | 9 |
| Assign group | 8 |
| Misc. action | 8 |
| Item give/drop | 3 |
| Esc | 3 |
47 units @ 6.8k
/ 0.7k
17 buildings @ 3k
/ 1.3k


| Claws of Attack +12 | 1 | 500 |
| total: | 1 | 500g |
| Wisp | 20 | 1200 | / | 0 |
| Archer | 6 | 780 | / | 60 |
| Huntress | 16 | 3120 | / | 320 |
| Chimaera | 5 | 1650 | / | 350 |
| total: | 47 | 6750g | / | 730w |
| Altar of Elders | 1 | 180 | / | 50 |
| Moon Well | 8 | 1440 | / | 320 |
| Ancient of War | 2 | 300 | / | 120 |
| Hunter's Hall | 1 | 210 | / | 100 |
| Tree of Life | 1 | 340 | / | 185 |
| Ancient of Wonders | 1 | 90 | / | 30 |
| Ancient of Lore | 1 | 155 | / | 145 |
| Ancient of Wind | 1 | 150 | / | 140 |
| Chimaera Roost | 1 | 140 | / | 190 |
| Tree of Ages | 1 | 320 | / | 180 |
| Tree of Eternity | 1 | 330 | / | 200 |
| total: | 17 | 3005g | / | 1280w |
| 0:12 | Altar of Elders |
| 0:29 | Wisp |
| 0:29 | Wisp |
| 0:29 | Wisp |
| 0:29 | Wisp |
| 0:46 | Moon Well |
| 1:30 | Ancient of War |
| 1:35 | Wisp |
| 2:02 | Wisp |
| 2:19 | Hunter's Hall |
| 2:34 | Archer |
| 2:39 | Trueshot Aura |
| 2:52 | Archer |
| 3:28 | Moon Well |
| 3:37 | Wisp |
| 3:57 | Moon Well |
| 4:16 | Tree of Ages |
| 4:21 | Huntress |
| 4:25 | Huntress |
| 4:55 | Moon Well |
| 4:59 | Huntress |
| 5:27 | Huntress |
| 5:38 | Scout |
| 5:45 | Strength of the Moon |
| 6:00 | Moon Well |
| 6:21 | Huntress |
| 6:41 | Moon Glaive |
| 6:52 | Moon Armor |
| 6:59 | Wisp |
| 7:22 | Moon Well |
| 7:23 | Wisp |
| 8:11 | Trueshot Aura |
| 8:22 | Ancient of Lore |
| 8:33 | Improved Strength of the Moon |
| 8:35 | Huntress |
| 9:35 | Huntress |
| 9:35 | Huntress |
| 9:35 | Huntress |
| 9:40 | Wisp |
| 9:57 | Druid of the Claw Adept Training |
| 10:06 | Moon Well |
| 10:28 | Evasion |
| 10:30 | Improved Moon Armor |
| 10:54 | Tree of Life |
| 11:08 | Moon Well |
| 12:13 | Ancient of Wind |
| 12:32 | Tree of Eternity |
| 13:08 | Wisp |
| 13:08 | Wisp |
| 13:08 | Wisp |
| 13:09 | Wisp |
| 13:10 | Wisp |
| 13:27 | Improved Bows |
| 13:59 | Immolation |
| 14:22 | Huntress |
| 14:22 | Huntress |
| 14:29 | Wisp |
| 14:30 | Wisp |
| 14:55 | Ancient of War |
| 15:06 | Advanced Strength of the Moon |
| 15:15 | Wisp |
| 15:15 | Wisp |
| 15:20 | Marksmanship |
| 16:01 | Archer |
| 16:02 | Archer |
| 16:02 | Archer |
| 16:02 | Archer |
| 16:03 | Huntress |
| 16:12 | Huntress |
| 16:17 | Huntress |
| 16:55 | Wisp |
| 17:04 | Searing Arrows |
| 17:21 | Chimaera Roost |
| 17:53 | Claws of Attack +12 |
| 18:25 | Huntress |
| 18:25 | Huntress |
| 18:47 | Corrosive Breath |
| 19:31 | Chimaera |
| 20:41 | Advanced Moon Armor |
| 20:44 | Well Spring |
| 21:18 | Evasion |
| 21:55 | Strength of the Wild |
| 21:56 | Reinforced Hides |
| 24:49 | Chimaera |
| 24:49 | Chimaera |
| 24:49 | Chimaera |
| 25:14 | Chimaera |
| 25:24 | Ancient of Wonders |
| Right click | 1042 |
| Select group | 570 |
| Select | 288 |
| Chat | 112 |
| Build/train/purchase | 84 |
| Misc. action | 39 |
| Assign group | 33 |
| Item give/drop | 3 |
| Remove unit | 2 |
| Use ability | 1 |
⇛